 Dungeon Crawl Stone Soup version 0.17.1-2-g5865329 (webtiles) character file.

501439 PossumBlood the Impregnable (level 23, -26/234 HPs)
             Began as a Minotaur Fighter on Jan 9, 2016.
             Was the Champion of Okawaru.
             Annihilated by the royal jelly (33 damage)
             ... on level 6 of the Pits of Slime on Jan 11, 2016.
             The game lasted 05:06:07 (57593 turns).

PossumBlood the Impregnable (Minotaur Fighter)     Turns: 57593, Time: 05:06:07

Health: -26/234    AC: 12    Str: 45    XL:     23   Next: 76%
Magic:  0/31       EV: 13    Int:  5    God:    Okawaru [******]
Gold:   1947       SH: 26    Dex: 16    Spells: 0 memorised, 22 levels left

rFire  . . .     SeeInvis +     I - +7 broad axe of Oclil {vamp, rElec rF+ rN+}
rCold  . . .     Clarity  .     a - +9 plate armour of Zazof {rN+ Str+2 Slay+3 SInv}
rNeg   + + +     SustAt   .     z - +7 shield of Inviolability {rPois MR+ Slay+3}
rPois  +         Gourm    .     B - +1 hat {Spirit}
rElec  +         Spirit   +     Y - +0 cloak "Wiewka" {rN+ Str+2}
rCorr  .         Warding  .     Q - +0 pair of gloves of the Fiend {rF- rN+ Str+3 Stlth+}
rMut   +         Stasis   .     d - +2 pair of boots {Fly}
MR     +++..                    h - amulet of resist mutation
Stlth  ..........               i - ring "Kulir" {MP+9 Stlth+}
                                X - ring "Pimiworph" {rPois MR+ Str+4 Dex+4}

@: mighty, heroism, corroded equipment, flying, extremely resistant to hostile
enchantments, extremely unstealthy
A: retaliatory headbutt, horns 2, slow regeneration 1
a: Heroism, Finesse, Renounce Religion, Stop Flying
}: 3/15 runes: barnacled, silver, gossamer


You were on level 6 of the Pits of Slime.
You worshipped Okawaru.
Okawaru was exalted by your worship.
You were not hungry.

You visited 7 branches of the dungeon, and saw 46 of its levels.
You visited 2 bazaars.
You also visited: Ice Cave and Volcano.

You collected 5524 gold pieces.
You spent 3577 gold pieces at shops.

Inventory:

Hand Weapons
 r - a +9 antimagic hand axe
 y - a +2 broad axe of flaming
 I - the +7 broad axe of Oclil (weapon) {vamp, rElec rF+ rN+}
   (Okawaru gifted it to you on level 4 of the Shoals)

   It inflicts no extra harm, but heals its wielder somewhat when it strikes a
   living foe.
   It protects you from fire.
   It insulates you from electricity.
   It protects you from negative energy.
 S - the +7 broad axe of Watchfulness {chop, Dex+3}
   (You found it on level 5 of the Vaults)

   It inflicts extra damage upon your enemies.
   It affects your dexterity (+3).
Missiles
 e - 87 tomahawks (quivered)
Armour
 a - the +9 plate armour of Zazof (worn) {rN+ Str+2 Slay+3 SInv}
   (You found it on level 14 of the Dungeon)

   It affects your strength (+2).
   It affects your accuracy and damage with ranged weapons and melee attacks
   (+3).
   It protects you from negative energy.
   It lets you see invisible.
 d - a +2 pair of boots of flying (worn)
 f - the +5 chain mail of Cucw {rElec Str+3}
   (Okawaru gifted it to you on level 5 of the Vaults)

   It affects your strength (+3).
   It insulates you from electricity.
 q - a +2 large shield
 z - the +7 shield of Inviolability (worn) {rPois MR+ Slay+3}
   (Okawaru gifted it to you on level 5 of the Vaults)

   It affects your accuracy and damage with ranged weapons and melee attacks
   (+3).
   It protects you from poison.
   It affects your resistance to hostile enchantments.
 B - a +1 hat of spirit shield (worn)
 Q - the +0 pair of gloves of the Fiend (worn) {rF- rN+ Str+3 Stlth+}
   (You found it on level 2 of the Shoals)

   It affects your strength (+3).
   It makes you vulnerable to fire.
   It protects you from negative energy.
   It makes you more stealthy.
 R - a +2 animal skin
 Y - the +0 cloak "Wiewka" (worn) {rN+ Str+2}
   (Okawaru gifted it to you on level 14 of the Dungeon)

   It affects your strength (+2).
   It protects you from negative energy.
Jewellery
 c - an uncursed amulet of resist corrosion
 g - an uncursed ring of protection from magic
 h - an amulet of resist mutation (around neck)
 i - the ring "Kulir" (right hand) {MP+9 Stlth+}
   (You took it off a yaktaur captain on level 5 of the Vaults)

   [ring of magical power]

   It affects your magic capacity (+9).
   It makes you more stealthy.
 m - an uncursed ring of positive energy
 o - an uncursed ring of sustain attributes
 H - the ring "Ecwasiof" {+/*Tele rElec Dex+7}
   (You found it on level 5 of the Vaults)

   [ring of teleportation]

   It may teleport you next to monsters, and can be evoked to randomly teleport.
   It affects your dexterity (+7).
   It insulates you from electricity.
 T - an uncursed amulet of guardian spirit
 U - an uncursed ring of protection from magic
 X - the ring "Pimiworph" (left hand) {rPois MR+ Str+4 Dex+4}
   (You bought it in a shop in a bazaar)

   [ring of protection from magic]

   It affects your strength (+4).
   It affects your dexterity (+4).
   It protects you from poison.
   It affects your resistance to hostile enchantments.
Scrolls
 j - 11 scrolls of recharging
 n - 21 scrolls of remove curse
 p - 2 scrolls of torment
 s - 12 scrolls of teleportation
 u - 2 scrolls of amnesia
 w - 6 scrolls of magic mapping
 x - 2 scrolls of holy word
 C - 8 scrolls of identify
 D - a scroll of enchant weapon
 E - 6 scrolls of fear
 K - 2 scrolls of enchant armour
 M - 5 scrolls of blinking
 P - 8 scrolls of fog
 Z - a scroll of silence
Potions
 b - 4 potions of might
 k - 3 potions of berserk rage
 l - 4 potions of lignification
 t - 6 potions of ambrosia
 v - 18 potions of curing
 G - 9 potions of mutation
 J - a potion of brilliance
 L - 4 potions of heal wounds
 N - 2 potions of invisibility
 O - a potion of resistance
 V - 4 potions of haste
 W - 5 potions of agility
Comestibles
 A - 9 meat rations
 F - 13 bread rations


   Skills:
 - Level 25.0(27) Fighting
 + Level 25.3(27) Axes
 * Level 26.2(27) Armour
 - Level 15.0(20.0) Shields


You had 22 spell levels left.
You didn't know any spells.

Dungeon Overview and Level Annotations

Branches:
Dungeon (15/15)            Temple (0/1) D:6            Lair (8/8) D:9
 Shoals (4/4) Lair:4       Spider (4/4) Lair:3        Slime (6/6) Lair:8
    Orc (4/4) D:11            Elf (0/3) Orc:4        Vaults (5/5) D:14
  Crypt (0/3) Vaults:2     Depths (0/5) D:15

Altars:
Ashenzari
Cheibriados
Elyvilon
Kikubaaqudgha
Okawaru
Trog
Vehumet
Xom
Zin
Beogh

Shops:
D:6 :   D:15 [!(}:   Orc:1 [*?!   Orc:4 (:*[   Shoals:4 !   Vaults:1 !
Vaults:2 !%?   Vaults:3 [   Vaults:5 (

Portals:
Trove: Vaults:4 (give 11 potions of heal wounds)

Annotations:
Slime:6 Royal Jelly


Innate Abilities, Weirdness & Mutations

You reflexively headbutt those who attack you in melee.
You have a pair of horns on your head.
You regenerate slowly when monsters are visible.


Message History

The royal jelly hits you but does no damage.
The royal jelly hits you!
You are splashed with acid!
The acid corrodes you!
The acid burns!
You block the acid blob's attack. The acid blob hits you!
You are splashed with acid!
The acid burns!
* * * LOW HITPOINT WARNING * * *
The acid blob spits acid at you. The splash of acid hits you!
The acid corrodes you!
The acid burns!
* * * LOW HITPOINT WARNING * * *
The acid blob spits acid at you. The splash of acid hits you!
* * * LOW HITPOINT WARNING * * *
The acid corrodes you!
The acid burns!
* * * LOW HITPOINT WARNING * * *
The acid blob hits you!
* * * LOW HITPOINT WARNING * * *
You are splashed with acid!
The acid burns!
* * * LOW HITPOINT WARNING * * *
You block the death ooze's attack. x2
The royal jelly hits you!!
You die...

....... .......##
........##
.........####
.J..J.....#.#
......J....#
....JJJJJ..#
.J...JJ@...####
......JJJ.....#
..G...........##
...............#
...............##
...................#
...................#
..................##
..................##


You could see the royal jelly, 6 acid blobs, 5 slime creatures, a death ooze, an
eye of draining and a jelly.

Vanquished Creatures
  Mara (Vaults:5)
  Mennas (Vaults:4)
  An ancient lich (Vaults:5)
  The ghost of Herrn the Slayer, a veteran NaFi of Okawaru (Vaults:5)
  Frederick (Vaults:2)
  Saint Roka (Orc:4)
  4 golden dragons (Vaults:5)
  Jory (Vaults:5)
  Xtahua (Vaults:4)
  2 liches (Vaults:5)
  2 quicksilver dragons (Vaults:5)
  2 titans (Vaults:5)
  15 acid blobs
  2 krakens
  6 sphinxes
  Frances (Spider:1)
  Kirke (Shoals:1)
  4 shadow dragons (Vaults:5)
  2 storm dragons
  A greater naga (Vaults:4)
  10 tengu reavers
  Ilsuiw (Shoals:4)
  Wiglaf (Vaults:4)
  3 fire giants
  A deep elf sorcerer (Vaults:3)
  Donald (Orc:4)
  Maud (D:13)
  6 azure jellies
  Aizul (Vaults:3)
  7 frost giants
  2 ghost moths (Spider:4)
  8 emperor scorpions
  An orc warlord (Orc:4)
  21 vault wardens
  2 war gargoyles
  17 ironheart preservers
  2 deep elf demonologists (Vaults:5)
  14 stone giants
  6 deep elf annihilators
  4 salamander stormcallers
  Azrael (Orc:4)
  A dire elephant (Lair:8)
  3 small abominations (Vaults:5)
  3 deep elf death magi
  4 ettins
  7 merfolk javelineers
  3 fire dragons
  3 death oozes
  The ghost of Poody the Archer, a journeyman CeHu of Okawaru (IceCv)
  12 merfolk impalers
  43 vault guards
  An entropy weaver (Spider:2)
  5 deep elf high priests (Vaults:5)
  A catoblepas (Lair:8)
  Harold (D:10)
  14 yaktaur captains
  4 ice dragons
  5 hydras
  5 merfolk aquamancers
  A death knight (Vaults:2)
  9 great orbs of eyes
  5 merfolk avatars
  An anaconda (shapeshifter) (Vaults:5)
  2 centaur warriors
  2 alligator snapping turtles
  A dancing weapon (Vaults:5)
  The ghost of grizfap the Blocker, a novice MiFi of Yredelemnul (D:8)
  A satyr (Shoals:4)
  7 death yaks (Lair:8)
  A queen ant (Spider:1)
  A deep troll shaman (Lair:8)
  Urug (Lair:1)
  An orc high priest (Orc:4)
  3 deep elf knights (Vaults:2)
  8 ogre magi
  Sonja (D:10)
  The ghost of Grimmtusk the Cleaver, a novice MiBe of Trog (D:9)
  A hell knight (Vaults:5)
  4 skeletal warriors (D:14)
  15 sea snakes
  3 unseen horrors
  A large abomination (Vaults:5)
  16 deep trolls
  A flayed ghost (Vaults:5)
  9 hill giants
  22 ironbrand convokers
  2 giant orange brains (Slime:3)
  A wizard (D:14)
  11 harpies
  8 hornets
  Pikel (D:9)
  A tengu zombie (Vaults:3)
  A wolf spider zombie (D:15)
  A deep elf conjurer (Vaults:4)
  3 necromancers
  4 water nymphs
  6 shining eyes
  14 orb spiders
  11 griffons
  3 fauns
  The ghost of Caphalor the Spear-Bearer, a novice MfCK of Xom (D:5)
  8 cyclopes
  3 moths of wrath
  10 orc knights
  13 manticores
  24 ugly things
  32 wolf spiders
  6 orc sorcerers
  6 eyes of devastation
  A moth of wrath (shapeshifter) (Vaults:5)
  2 oklob plants (Lair:8)
  A frost giant skeleton (Vaults:3)
  3 centaur zombies
  A black mamba (Lair:3)
  3 sirens
  19 vault sentinels
  A black mamba (shapeshifter) (Vaults:2)
  9 elephants
  A spiny frog (shapeshifter) (Vaults:4)
  3 ice statues
  8 spiny frogs
  2 torpor snails
  A yaktaur (shapeshifter) (Vaults:1)
  4 gargoyles
  5 komodo dragons
  3 efreet
  43 yaktaurs
  18 demonic crawlers
  11 freezing wraiths
  5 deep elf priests
  5 fire drakes
  2 komodo dragons (shapeshifter)
  3 polar bears
  A two-headed ogre (shapeshifter) (Vaults:2)
  6 trolls
  A jumping spider (shapeshifter) (Vaults:3)
  41 merfolk
  161 slime creatures
  23 jumping spiders
  A polar bear (shapeshifter) (Vaults:1)
  A giant leech (shapeshifter) (Vaults:4)
  A queen bee (Lair:5)
  An ettin zombie (Vaults:1)
  10 boulder beetles
  4 wind drakes
  11 two-headed ogres
  16 trapdoor spiders
  A human simulacrum (Vaults:2)
  14 blink frogs
  6 snapping turtles
  2 yaks (shapeshifter)
  A hog (shapeshifter) (D:15)
  Sigmund (D:6)
  3 wyverns
  2 centaur simulacra
  39 yaks
  A vampire (Vaults:2)
  2 redbacks (shapeshifter)
  19 tarantellas
  2 deep elf magi
  A shadow (D:14)
  20 humans (D:14)
  11 water elementals
  35 redbacks
  A golden eye (shapeshifter) (Vaults:2)
  3 hogs (Shoals:1)
  3 deep elf fighters
  8 vampire mosquitoes
  5 basilisks
  14 hippogriffs
  An ogre zombie (Vaults:1)
  3 hungry ghosts
  A warg (shapeshifter) (Vaults:5)
  Menkaure (D:6)
  4 mottled dragons
  3 fire elementals
  5 wargs
  28 wolves
  10 soldier ants
  12 water moccasins
  11 porcupines
  A black bear (Lair:3)
  2 hell hounds (Orc:4)
  24 spiders
  6 wasps
  4 sky beasts
  A slave (D:9)
  An eye of draining (shapeshifter) (Vaults:2)
  34 orc warriors
  13 eyes of draining
  16 ice beasts
  A necrophage (D:11)
  An orc skeleton (Vaults:2)
  2 human skeletons
  22 ogres
  4 phantoms
  5 boggarts (Vaults:2)
  3 big kobolds
  10 crocodiles
  13 centaurs
  A gnoll sergeant (D:8)
  A human zombie (Vaults:3)
  13 giant frogs
  2 wyvern zombies
  4 scorpions
  A wyvern skeleton (D:14)
  5 wights (D:10)
  3 electric eels (Lair:3)
  44 killer bees
  A quasit (D:6)
  2 vampire bats (D:5)
  4 hounds
  6 crimson imps
  A giant frog zombie (D:7)
  26 orc priests
  27 jellies
  3 centaur skeletons
  2 giant frog skeletons
  5 iguanas
  37 worker ants
  41 orc wizards
  A killer bee zombie (D:10)
  16 sheep
  2 hound skeletons (D:4)
  35 river rats
  A worker ant zombie (D:9)
  10 adders
  12 gnolls
  3 shadow imps
  2 white imps (D:15)
  2 oozes (D:2)
  2 adder skeletons
  166 orcs
  A ball python (D:5)
  3 bat skeletons
  2 bat zombies (D:5)
  5 giant cockroaches
  6 hobgoblins
  14 jackals
  20 kobolds
  8 quokkas
  6 bats
  10 giant geckos
  2 giant gecko skeletons
  6 giant newts
  3 goblins
  A jackal skeleton (D:5)
  A quokka skeleton (D:7)
  9 rats
  2 fire vortices (Vaults:5)
  4 fungi
  13 plants
  4 tentacles
  A tentacle segment (Shoals:4)
2035 creatures vanquished.

Vanquished Creatures (others)
  2 vault guards (Vaults:5)
  A shadow wraith (Vaults:3)
  A redback (Spider:1)
  A human (Shoals:1)
  A fire elemental (Orc:4)
  A phantom (D:9)
  An ogre (Vaults:2)
  4 fungi (Lair:8)
  19 plants
  9 tentacles
  1019 tentacle segments
1059 creatures vanquished.

Grand Total: 3094 creatures vanquished

Notes
Turn   | Place    | Note
--------------------------------------------------------------
     0 | D:1      | PossumBlood the Minotaur Fighter began the quest for the Orb.
     0 | D:1      | Reached XP level 1. HP: 19/19 MP: 0/0
   150 | D:1      | Reached XP level 2. HP: 16/26 MP: 1/1
   299 | D:1      | Reached skill level 4 in Axes
   548 | D:2      | Reached XP level 3. HP: 31/31 MP: 2/2
  1381 | D:3      | Reached skill level 5 in Axes
  1399 | D:3      | Found a white marble altar of Elyvilon.
  1450 | D:3      | Reached XP level 4. HP: 39/39 MP: 3/3
  1453 | D:3      | Found a shattered altar of Ashenzari.
  1660 | D:3      | Reached skill level 6 in Axes
  1972 | D:4      | Reached XP level 5. HP: 45/45 MP: 4/4
  2287 | D:4      | Reached skill level 7 in Axes
  2395 | D:4      | Found an iron altar of Okawaru.
  2411 | D:4      | Became a worshipper of Warmaster Okawaru
  2525 | D:4      | Found a snail-covered altar of Cheibriados.
  2639 | D:4      | Found a bloodstained altar of Trog.
  2639 | D:4      | Noticed an eye of draining
  2639 | D:4      | Noticed an eye of draining
  2639 | D:4      | Noticed an eye of draining
  2649 | D:4      | Killed an eye of draining
  2649 | D:4      | Reached skill level 8 in Axes
  2649 | D:4      | Reached XP level 6. HP: 35/51 MP: 0/5
  2657 | D:4      | Killed an eye of draining
  2662 | D:4      | Killed an eye of draining
  2662 | D:4      | Reached * piety under Okawaru
  2662 | D:4      | Reached skill level 9 in Axes
  2835 | D:4      | Reached XP level 7. HP: 57/57 MP: 2/6
  2942 | D:4      | Got a steaming ring mail
  3104 | D:5      | Entered Level 5 of the Dungeon
  3200 | D:5      | Noticed Caphalor's ghost (novice MfCK)
  3213 | D:5      | Reached skill level 10 in Axes
  3223 | D:5      | Paralysed by Caphalor's ghost for 6 turns
  3230 | D:5      | Killed Caphalor's ghost
  3230 | D:5      | Reached ** piety under Okawaru
  3230 | D:5      | Reached skill level 11 in Axes
  3230 | D:5      | Reached XP level 8. HP: 30/64 MP: 2/7
  3519 | D:5      | Reached skill level 12 in Axes
  3530 | D:5      | Got an uncursed polished dagger {vamp}
  3583 | D:5      | Identified the cursed +1 ring mail of Mupecu {rElec rPois} (You found it on level 4 of the Dungeon)
  3809 | D:5      | Found an ancient bone altar of Kikubaaqudgha.
  3948 | D:5      | Identified the +3 dagger of Yredelemnul's Anger {vamp, Str+4} (You took it off a centaur on level 5 of the Dungeon)
  4048 | D:6      | Reached skill level 13 in Axes
  4065 | D:6      | Found Deiverou's Book Shop.
  4098 | D:6      | Noticed Sigmund
  4110 | D:6      | Killed Sigmund
  4110 | D:6      | Reached *** piety under Okawaru
  4147 | D:6      | Found a glowing silver altar of Zin.
  4163 | D:6      | Found a staircase to the Ecumenical Temple.
  4232 | D:6      | Noticed Menkaure
  4239 | D:6      | Reached XP level 9. HP: 29/70 MP: 2/8
  4247 | D:6      | Killed Menkaure
  4923 | D:7      | Reached skill level 14 in Axes
  5301 | D:7      | Reached skill level 5 in Fighting
  6524 | D:8      | Noticed grizfap's ghost (novice MiFi)
  6561 | D:8      | Killed grizfap's ghost
  6561 | D:8      | Reached **** piety under Okawaru
  6581 | D:8      | HP: 6/126 [poisoned by grizfap's ghost]
  6586 | D:8      | HP: 4/84 [poisoned by grizfap's ghost]
  6593 | D:8      | HP: 3/84 [poisoned by grizfap's ghost]
  6601 | D:8      | HP: 3/84 [poisoned by grizfap's ghost]
  7152 | D:8      | Found a runed door.
  7170 | D:8      | Found a runed door.
  7192 | D:8      | Reached XP level 10. HP: 71/93 MP: 3/9
  7326 | D:8      | Reached skill level 10 in Fighting
  7812 | D:8      | Reached skill level 5 in Armour
  8132 | D:9      | Noticed Grimmtusk's ghost (novice MiBe)
  8143 | D:9      | Killed Grimmtusk's ghost
  8191 | D:9      | Found a radiant altar of Vehumet.
  8216 | D:9      | Reached ***** piety under Okawaru
  8225 | D:9      | Found a staircase to the Lair.
  8245 | D:9      | Received a gift from Okawaru
  8634 | D:9      | Reached skill level 10 in Armour
  9142 | D:9      | Noticed Pikel
  9160 | D:9      | Killed Pikel
  9178 | D:9      | Reached XP level 11. HP: 100/102 MP: 3/10
  9416 | D:10     | Entered Level 10 of the Dungeon
  9460 | D:10     | Noticed a hill giant
  9474 | D:10     | Killed a hill giant
  9506 | D:10     | Noticed a hill giant
  9522 | D:10     | HP: 5/104 [hill giant/giant spiked club (30)]
 10184 | D:10     | Noticed Sonja
 10204 | D:10     | Killed Sonja
 10451 | D:10     | Noticed Harold
 10478 | D:10     | Killed Harold
 11002 | D:10     | Killed a hill giant
 11551 | D:11     | Killed an unseen horror
 12153 | D:11     | Gained mutation: Your flesh is cold resistant. [potion of beneficial mutation]
 12472 | D:11     | Found a staircase to the Orcish Mines.
 12472 | D:11     | Noticed a hill giant
 12484 | D:11     | Killed a hill giant
 12741 | D:11     | Received a gift from Okawaru
 13142 | D:11     | Reached XP level 12. HP: 117/117 MP: 3/11
 14629 | D:13     | Noticed Maud
 14657 | D:13     | Killed Maud
 15083 | D:13     | Found a frozen archway.
 15094 | IceCv    | Entered an ice cave
 15120 | IceCv    | Noticed Poody's ghost (journeyman CeHu)
 15132 | IceCv    | Killed Poody's ghost
 15870 | D:14     | Reached skill level 15 in Armour
 16401 | D:14     | Reached ****** piety under Okawaru
 16635 | D:14     | Received a gift from Okawaru
 16635 | D:14     | Reached skill level 15 in Fighting
 16635 | D:14     | Reached XP level 13. HP: 102/126 MP: 4/12
 16641 | D:14     | Got a translucent cloak {god gift}
 16660 | D:14     | Identified the +0 cloak "Wiewka" {rN+ Str+2} (Okawaru gifted it to you on level 14 of the Dungeon)
 16749 | D:14     | Got a transparent plate armour
 16763 | D:14     | Identified the +9 plate armour of Zazof {rN+ Str+2 Slay+3 SInv} (You found it on level 14 of the Dungeon)
 16770 | D:14     | Found a gate to the Vaults.
 16770 | D:14     | Noticed a vault guard
 16802 | D:14     | Killed a vault guard
 16979 | D:14     | Noticed a centaur warrior
 16989 | D:14     | Reached skill level 15 in Axes
 17008 | D:14     | Killed a centaur warrior
 17008 | D:14     | Reached skill level 16 in Fighting
 17618 | D:14     | Received a gift from Okawaru
 18320 | D:15     | Entered Level 15 of the Dungeon
 18439 | D:15     | Found Tuskeptu's Book Emporium.
 18457 | D:15     | Got a blackened falchion
 18473 | D:15     | Identified the +10 falchion "Gewant" {flame, +Rage Str-5 Int+3 Dex+2} (You found it on level 15 of the Dungeon)
 18495 | D:15     | Reached skill level 17 in Fighting
 18500 | D:15     | Found Urucsaep's Gadget Boutique.
 18540 | D:15     | Found a staircase to the Depths.
 18540 | D:15     | Noticed a fire giant
 18563 | D:15     | Killed a fire giant
 19020 | D:15     | Found a shimmering altar of Xom.
 19601 | D:15     | Found Ishroimm's Weapon Emporium.
 19607 | D:15     | Found Mikemmec's Antique Armour Shoppe.
 19608 | D:15     | Found Wusuve's Distillery.
 20031 | D:15     | Reached XP level 14. HP: 115/140 MP: 4/13
 20061 | D:15     | Received a gift from Okawaru
 20225 | Orc:1    | Entered Level 1 of the Orcish Mines
 20312 | Orc:1    | Found Xovvaaga's General Store.
 20336 | Orc:1    | Found Ufug's Magic Scroll Boutique.
 20340 | Orc:1    | Bought a potion of curing for 39 gold pieces
 20344 | Orc:1    | Found Dazyvul's Distillery.
 20348 | Orc:1    | Bought a potion of heal wounds for 75 gold pieces
 20348 | Orc:1    | Bought a potion of heal wounds for 75 gold pieces
 20355 | Orc:1    | Bought a scroll of enchant armour for 90 gold pieces
 20355 | Orc:1    | Bought a scroll of enchant weapon for 90 gold pieces
 20520 | Orc:1    | Found Xixos's Armour Shop.
 20927 | Orc:4    | Entered Level 4 of the Orcish Mines
 20942 | Orc:4    | Noticed Azrael
 20956 | Orc:4    | Killed Azrael
 20995 | Orc:4    | Reached skill level 18 in Fighting
 21039 | Orc:4    | Noticed Saint Roka
 21039 | Orc:4    | Found a staircase to the Elven Halls.
 21072 | Orc:4    | Killed Saint Roka
 21072 | Orc:4    | Reached skill level 5 in Shields
 21524 | Orc:4    | Noticed an orc warlord
 21531 | Orc:4    | Paralysed by an orc sorcerer for 7 turns
 21551 | Orc:4    | Noticed Donald
 21553 | Orc:4    | Killed an orc warlord
 21627 | Orc:4    | Killed Donald
 21943 | Orc:4    | Found a roughly hewn altar of Beogh.
 21988 | Orc:4    | Found Xanaghie's Antique Weapon Boutique.
 21991 | Orc:4    | Found Irew's Book Boutique.
 22065 | Orc:4    | Found a roughly hewn altar of Beogh.
 22081 | Orc:4    | Found Ejiqyace's General Store.
 22089 | Orc:4    | Bought a scroll of enchant weapon for 97 gold pieces
 22254 | Orc:4    | Found Meon's Antique Armour Boutique.
 23095 | Orc:1    | Bought a bread ration for 65 gold pieces
 23629 | Orc:4    | Bought a slice of pizza for 19 gold pieces
 23629 | Orc:4    | Bought a meat ration for 65 gold pieces
 23950 | Orc:3    | Reached skill level 10 in Shields
 24110 | Lair:1   | Entered Level 1 of the Lair of Beasts
 24376 | Lair:1   | Noticed Urug
 24389 | Lair:1   | Killed Urug
 24502 | Lair:1   | Received a gift from Okawaru
 24503 | Lair:1   | Got a pair of brightly glowing boots {god gift}
 24514 | Lair:1   | Identified the +2 pair of boots "Jemuk" {rPois rCorr Dex-4} (Okawaru gifted it to you on level 1 of the Lair of Beasts)
 25734 | Lair:3   | Found a hole to the Spider Nest.
 26492 | Lair:3   | Reached XP level 15. HP: 149/149 MP: 4/14
 26584 | Lair:4   | Found a staircase to the Shoals.
 26811 | Lair:4   | Got a warped trident
 26812 | Lair:4   | Identified the cursed +1 trident "Pureon" {pierce, rElec rC+ Str-5 Dex-4} (You found it on level 4 of the Lair of Beasts)
 27242 | Lair:4   | Found a dark tunnel.
 27255 | Volcano  | Entered a volcano
 28058 | Lair:5   | Received a gift from Okawaru
 29154 | Lair:7   | Reached skill level 15 in Shields
 29424 | Lair:8   | Entered Level 8 of the Lair of Beasts
 29873 | Lair:8   | Found a staircase to the Slime Pits.
 30770 | Lair:8   | Reached skill level 19 in Fighting
 30886 | Lair:8   | Received a gift from Okawaru
 31132 | Spider:1 | Entered Level 1 of the Spider Nest
 31200 | Spider:1 | Received a gift from Okawaru
 31548 | Spider:1 | Noticed Frances
 31567 | Spider:1 | Killed Frances
 31591 | Spider:1 | Reached XP level 16. HP: 150/160 MP: 5/15
 34836 | Spider:3 | Received a gift from Okawaru
 34850 | Spider:3 | Got a slimy chain mail {god gift}
 34861 | Spider:3 | Identified the +6 chain mail of Tapp {rElec rN+ MR+ Int-2} (Okawaru gifted it to you on level 3 of the Spider Nest)
 35036 | Spider:4 | Entered Level 4 of the Spider Nest
 36261 | Spider:4 | Got a gossamer rune of Zot
 36310 | Spider:4 | Reached XP level 17. HP: 147/168 MP: 0/16
 36665 | Spider:4 | Received a gift from Okawaru
 36666 | Spider:4 | Got a warped plate armour {god gift}
 36677 | Spider:4 | Identified the +5 plate armour of Gomow {rC+ MR+ Regen+} (Okawaru gifted it to you on level 4 of the Spider Nest)
 36768 | Spider:4 | Upgraded the game from 0.17.1-1-g73c8601 to 0.17.1-2-g5865329
 37078 | Shoals:1 | Entered Level 1 of the Shoals
 37747 | Shoals:1 | Noticed Kirke
 37764 | Shoals:1 | Killed Kirke
 38565 | Shoals:2 | Got a pair of steaming gloves
 38576 | Shoals:2 | Identified the cursed +0 pair of gloves of the Fiend {rF- rN+ Str+3 Stlth+} (You found it on level 2 of the Shoals)
 38662 | Shoals:2 | Reached skill level 20 in Armour
 38729 | Shoals:2 | Found a flickering gateway to a bazaar.
 38754 | Bazaar   | Entered a bazaar
 38754 | Bazaar   | Found Healaappe's Food Shoppe.
 38754 | Bazaar   | Found Wiydghopn's Jewellery Emporium.
 38758 | Bazaar   | Found Myhuasse's Antique Armour Emporium.
 38772 | Bazaar   | Found Ahoxe's Assorted Antiques.
 38790 | Bazaar   | Bought the ring "Pimiworph" {rPois MR+ Str+4 Dex+4} for 742 gold pieces
 39737 | Shoals:3 | Received a gift from Okawaru
 40538 | Shoals:4 | Entered Level 4 of the Shoals
 40538 | Shoals:4 | Noticed Ilsuiw
 40593 | Shoals:4 | Killed Ilsuiw
 41061 | Shoals:4 | Found Fueras's Distillery.
 41069 | Shoals:4 | Bought a potion of curing for 42 gold pieces
 41069 | Shoals:4 | Bought a potion of heal wounds for 70 gold pieces
 41069 | Shoals:4 | Bought a potion of cure mutation for 490 gold pieces
 41069 | Shoals:4 | Bought a potion of heal wounds for 70 gold pieces
 41069 | Shoals:4 | Bought a potion of experience for 700 gold pieces
 41070 | Shoals:4 | Reached XP level 18. HP: 169/178 MP: 5/17
 41527 | Shoals:4 | Reached XP level 19. HP: 161/187 MP: 6/18
 41686 | Shoals:4 | Got a faintly glowing plate armour
 41697 | Shoals:4 | Identified the cursed +1 plate armour of Analysis {rElec MR+ Dex-3} (You found it on level 4 of the Shoals)
 42047 | Shoals:4 | Received a gift from Okawaru
 42048 | Shoals:4 | Got a brightly glowing broad axe {god gift}
 42052 | Shoals:4 | Identified the +7 broad axe of Oclil {vamp, rElec rF+ rN+} (Okawaru gifted it to you on level 4 of the Shoals)
 42390 | Shoals:4 | Reached skill level 21 in Fighting
 42556 | Shoals:4 | Got a barnacled rune of Zot
 42991 | Slime:1  | Entered Level 1 of the Pits of Slime
 44230 | Slime:2  | Gained mutation: You occasionally shout uncontrollably at your foes. [a shining eye]
 44231 | Slime:2  | Gained mutation: You regenerate slowly when monsters are visible. [a shining eye]
 44236 | Slime:2  | Gained mutation: You do not regenerate naturally when monsters are visible. [a shining eye]
 44483 | Slime:2  | Gained mutation: You are frail (-10% HP). [a shining eye]
 44486 | Slime:2  | Gained mutation: Armour fits poorly on your strangely shaped body. [a shining eye]
 45054 | Vaults:1 | Entered Level 1 of the Vaults
 45083 | Vaults:1 | Received a gift from Okawaru
 45210 | Vaults:1 | Lost mutation: Your flesh is cold resistant. [potion of cure mutation]
 45210 | Vaults:1 | Lost mutation: Armour fits poorly on your strangely shaped body. [potion of cure mutation]
 45210 | Vaults:1 | Lost mutation: You are frail (-10% HP). [potion of cure mutation]
 45210 | Vaults:1 | Lost mutation: You occasionally shout uncontrollably at your foes. [potion of cure mutation]
 45210 | Vaults:1 | Lost mutation: You do not regenerate naturally when monsters are visible. [potion of cure mutation]
 45303 | Vaults:1 | Found Caod's Distillery.
 45700 | Vaults:1 | Bought a potion of might for 44 gold pieces
 45700 | Vaults:1 | Bought 2 potions of curing for 66 gold pieces
 46291 | Vaults:2 | Noticed Frederick
 46304 | Vaults:2 | Killed Frederick
 46304 | Vaults:2 | Reached skill level 22 in Armour
 46304 | Vaults:2 | Reached XP level 20. HP: 198/198 MP: 19/19
 46313 | Vaults:2 | Found a flickering gateway to a bazaar.
 46341 | Bazaar   | Entered a bazaar
 46342 | Bazaar   | Found Ycun's Food Shoppe.
 46350 | Bazaar   | Found Fan Saoj's Food Boutique.
 46381 | Bazaar   | Found Iphuttai's General Store.
 46388 | Bazaar   | Found Vyxi's Antique Weapon Emporium.
 46396 | Bazaar   | Bought a transparent war axe for 306 gold pieces
 46396 | Bazaar   | Identified the cursed +0 war axe "Reomurin" {chop, *Rage rN+ Int+4} (You bought it in a shop in a bazaar)
 46453 | Bazaar   | Bought a slice of pizza for 9 gold pieces
 46453 | Bazaar   | Bought a bread ration for 30 gold pieces
 46453 | Bazaar   | Bought 3 fruits for 27 gold pieces
 46453 | Bazaar   | Bought 5 fruits for 45 gold pieces
 46453 | Bazaar   | Bought a bread ration for 30 gold pieces
 46453 | Bazaar   | Bought a bread ration for 30 gold pieces
 46453 | Bazaar   | Bought a bread ration for 30 gold pieces
 46453 | Bazaar   | Bought a bread ration for 30 gold pieces
 46468 | Bazaar   | Bought a beef jerky for 13 gold pieces
 46468 | Bazaar   | Bought a beef jerky for 13 gold pieces
 46468 | Bazaar   | Bought a meat ration for 45 gold pieces
 46468 | Bazaar   | Bought 4 fruits for 54 gold pieces
 46468 | Bazaar   | Bought a beef jerky for 13 gold pieces
 46468 | Bazaar   | Bought a royal jelly for 18 gold pieces
 46468 | Bazaar   | Bought a bread ration for 45 gold pieces
 46555 | Vaults:2 | Found a staircase to the Crypt.
 46558 | Vaults:2 | Received a gift from Okawaru
 46651 | Vaults:2 | Found Keibinuw's Distillery.
 46822 | Vaults:2 | Found Kotzemi's Food Emporium.
 46866 | Vaults:2 | Found Moaraz's Magic Scroll Boutique.
 47607 | Vaults:3 | Received a gift from Okawaru
 47936 | Vaults:3 | Noticed Aizul
 47951 | Vaults:3 | Killed Aizul
 47960 | Vaults:3 | Found Seas's Armour Shoppe.
 48304 | Vaults:3 | Identified a +0 pair of boots of running (Okawaru gifted it to you on level 3 of the Vaults)
 49152 | Vaults:4 | Received a gift from Okawaru
 49159 | Vaults:4 | Got a jewelled glaive {god gift}
 49160 | Vaults:4 | Identified the +7 glaive "Doegg" {chop, *Noise Int+6 Dex+2} (Okawaru gifted it to you on level 4 of the Vaults)
 49221 | Vaults:4 | Reached skill level 23 in Fighting
 49357 | Vaults:4 | Noticed Mennas
 49379 | Vaults:4 | Killed Mennas
 49379 | Vaults:4 | Reached XP level 21. HP: 163/211 MP: 20/20
 49542 | Vaults:4 | Noticed Xtahua
 49551 | Vaults:4 | Killed Xtahua
 50013 | Vaults:4 | Received a gift from Okawaru
 50032 | Vaults:4 | Noticed Wiglaf
 50056 | Vaults:4 | Killed Wiglaf
 50065 | Vaults:4 | Reached skill level 24 in Fighting
 50082 | Vaults:4 | Got a spiked shield
 50093 | Vaults:4 | Identified the +3 shield "Abbylymn" {rC- Dex+5 SInv} (You took it off Wiglaf on level 4 of the Vaults)
 50123 | Vaults:4 | Received a gift from Okawaru
 50397 | Vaults:4 | Found a portal to a secret trove of treasure.
 50461 | Vaults:5 | Entered Level 5 of the Vaults
 50479 | Vaults:5 | Received a gift from Okawaru
 50491 | Vaults:5 | Got a steaming chain mail {god gift}
 50556 | Vaults:5 | Noticed Herrn's ghost (veteran NaFi)
 50588 | Vaults:5 | Killed Herrn's ghost
 50588 | Vaults:5 | Reached skill level 25 in Fighting
 50901 | Vaults:5 | Got a crude steel ring
 50903 | Vaults:5 | Identified the ring "Ecwasiof" {+/*Tele rElec Dex+7} (You found it on level 5 of the Vaults)
 50980 | Vaults:5 | Noticed an ancient lich
 50991 | Vaults:5 | Killed an ancient lich
 50991 | Vaults:5 | Reached XP level 22. HP: 173/226 MP: 21/21
 51147 | Vaults:5 | Received a gift from Okawaru
 51168 | Vaults:5 | Got a faintly humming shield {god gift}
 51193 | Vaults:5 | Identified the +7 shield of Inviolability {rPois MR+ Slay+3} (Okawaru gifted it to you on level 5 of the Vaults)
 51203 | Vaults:5 | Identified the +5 chain mail of Cucw {rElec Str+3} (Okawaru gifted it to you on level 5 of the Vaults)
 51395 | Vaults:5 | Received a gift from Okawaru
 51493 | Vaults:5 | Identified a scroll of acquirement
 51517 | Vaults:5 | Found Efraseil's Weapon Shop.
 51526 | Vaults:5 | Identified Ozocubu's Incunabulum of Entrancing Snow
 51600 | Vaults:5 | Got a silver rune of Zot
 51727 | Vaults:5 | Noticed Jory
 51744 | Vaults:5 | Killed Jory
 51870 | Vaults:5 | Identified the Compendium of Pragmatism (You found it on level 5 of the Vaults)
 51873 | Vaults:5 | Identified the Incunabulum of Envenoming (You found it on level 5 of the Vaults)
 51887 | Vaults:5 | Got a crystal broad axe
 51891 | Vaults:5 | Identified the +7 broad axe of Watchfulness {chop, Dex+3} (You found it on level 5 of the Vaults)
 51931 | Vaults:5 | Noticed Mara
 51942 | Vaults:5 | Noticed PossumBlood's illusion
 51975 | Vaults:5 | Killed Mara
 52260 | Vaults:5 | Reached XP level 23. HP: 191/234 MP: 22/22
 52593 | Vaults:5 | Got an ancient iron ring
 52595 | Vaults:5 | Identified the ring "Kulir" {MP+9 Stlth+} (You took it off a yaktaur captain on level 5 of the Vaults)
 53926 | Slime:2  | Received a gift from Okawaru
 56026 | Slime:3  | Received a gift from Okawaru
 57336 | Slime:6  | Entered Level 6 of the Pits of Slime
 57341 | Slime:6  | Reached skill level 26 in Armour
 57580 | Slime:6  | Noticed the royal jelly
 57593 | Slime:6  | HP: 7/234 [acid[the royal jelly] (11)]
 57593 | Slime:6  | Annihilated by the royal jelly

Action                   |  1- 3 |  4- 6 |  7- 9 | 10-12 | 13-15 | 16-18 | 19-21 | 22-24 || total
-------------------------+-------+-------+-------+-------+-------+-------+-------+-------++-------
Melee: War axe           |    92 |    96 |       |       |       |       |       |       ||   188
       Hand axe          |       |     1 |   342 |  1015 |  1603 |  1364 |    81 |       ||  4406
       Broad axe         |       |       |       |       |    33 |       |  1200 |   785 ||  2018
Invok: Heroism           |       |       |       |     2 |     3 |     2 |     2 |     1 ||    10
       Finesse           |       |       |       |       |       |     2 |       |       ||     2
  Use: Scroll            |     4 |     6 |    14 |    12 |    15 |     3 |    10 |     4 ||    68
       Potion            |       |       |     7 |     6 |     5 |     7 |     1 |     3 ||    29
 Stab: Invisible         |       |       |     2 |       |       |       |       |       ||     2
       Distracted        |       |       |       |     1 |       |       |       |       ||     1
  Eat: Bread ration      |     1 |       |     3 |     2 |     3 |     1 |       |     2 ||    12
       Meat ration       |       |     1 |     1 |     2 |     2 |     1 |     4 |     1 ||    12
       Fruit             |       |       |       |    11 |     3 |     9 |    12 |       ||    35
       Beef jerky        |       |       |       |     3 |     4 |     1 |       |     5 ||    13
       Royal jelly       |       |       |       |     2 |     6 |     7 |     1 |       ||    16
       Pizza             |       |       |       |     1 |     3 |     2 |     3 |     1 ||    10
       Chunk             |       |       |       |       |     1 |       |       |       ||     1
